 Dungeon Crawl Stone Soup version 0.28-a0-445-g51f8dfeb47 (webtiles) character file.

Game seed: 8421302954452010634

5 Akmetra the Grave Robber (level 1, -1/13 HPs)
             Began as a Demonspawn Necromancer on Sept 13, 2021.
             Slain by a jackal (2 damage)
             ... on level 1 of the Dungeon.
             The game lasted 00:02:05 (195 turns).

Akmetra the Grave Robber (Demonspawn Necromancer)    Turns: 195, Time: 00:02:05

Health: -1/13      AC:  2    Str:  8    XL:     1   Next: 66%
Magic:  1/3        EV: 12    Int: 16    God:
Gold:   10         SH:  0    Dex: 13    Spells: 3/4 levels left

rFire   . . .      SeeInvis .   (no weapon)
rCold   . . .      Faith    .   (no shield)
rNeg    . . .      Spirit   .   a - +0 robe
rPois   .          Reflect  .   (no helmet)
rElec   .          Harm     .   (no cloak)
rCorr   .          Rampage  .   (no gloves)
Will    .....                   (no boots)
Stlth   ++........              (no amulet)
HPRegen 0.04/turn               (no ring)
MPRegen 0.08/turn               (no ring)

@: no status effects
A: no striking features
a: no special abilities


You were on level 1 of the Dungeon.
You visited 1 branch of the dungeon, and saw 1 of its levels.

You collected 10 gold pieces.

Inventory:

Armour
 a - a +0 robe (worn)
Potions
 b - a potion of curing {unknown}


   Skills:
 + Level 1.8 Dodging
 + Level 1.8 Stealth
 + Level 2.0 Spellcasting
 + Level 4.6 Necromancy


You had 3 spell levels left.
You knew the following spells:

 Your Spells              Type           Power      Damage    Failure   Level
a - Pain                  Necr           64%        1d7       3%          1

Your spell library contained the following spells:

 Spells                   Type           Power      Damage    Failure   Level
 Animate Skeleton         Necr           32%        N/A       3%          1
 Vampiric Draining        Necr           8%         2d7       9%          3
 Animate Dead             Necr           8%         N/A       30%         4
 Agony                    Necr           16%        N/A       63%         5


Dungeon Overview and Level Annotations

Branches:
Dungeon (1/15)

Altars:


Message History

You kill the jackal!
Casting: Pain (safe; 3% risk of failure)
Confirm with . or Enter, or press ? or * to list all spells.
Aiming: Pain (safe; 3% risk of failure)
Press: ? - help, Shift-Dir - straight line, f - jackal
Aim: a jackal (moderately wounded, chance to affect: 87%)
The jackal writhes in agony.
You kill the jackal!
Casting: Pain (safe; 3% risk of failure)
Confirm with . or Enter, or press ? or * to list all spells.
You don't have enough magic to cast this spell.
A frilled lizard comes into view.
The jackal bites you but does no damage.
You completely miss the jackal. The jackal bites you. x2
Casting: Pain (safe; 3% risk of failure)
Confirm with . or Enter, or press ? or * to list all spells.
You don't have enough magic to cast this spell.
Casting: Pain (safe; 3% risk of failure)
Confirm with . or Enter, or press ? or * to list all spells.
You don't know that spell.
The frilled lizard hisses angrily.
You hit the jackal.
The jackal is heavily wounded.
The jackal bites you. x3; The jackal closely misses you.
You barely miss the jackal.
The jackal is heavily wounded.
The jackal bites you.
* * * LOW HITPOINT WARNING * * *
The jackal barely misses you.
You closely miss the jackal.
The jackal is heavily wounded.
The jackal bites you.
* * * LOW HITPOINT WARNING * * *
The jackal bites you but does no damage. x2
The jackal closely misses you. The jackal misses you. The jackal bites you.
* * * LOW HITPOINT WARNING * * *
The jackal bites you but does no damage.
The jackal closely misses you. The jackal bites you.
You die...

############# #...........#
#...........# #...........#
#######
#.....h.....######.....#
+.....h@...............#
#.....l......###.......#
................# #....####
#................###........
#...........................
#...#............######.....
#.....>............ +.....
#...............#######.....
##...#. ...........


You could see 2 jackals and a frilled lizard.

Vanquished Creatures
  A ball python (D:1)
  2 jackals (D:1)
  A bat (D:1)
  A rat (D:1)
5 creatures vanquished.

Notes
Turn   | Place    | Note
-------+----------+-------------------------------------------
     0 | D:1      | Akmetra the Demonspawn Necromancer began the quest for the
                  | Orb.
     0 | D:1      | Reached XP level 1. HP: 13/13 MP: 3/3
   195 | D:1      | Slain by a jackal

Illustrated notes

Levels and vault maps discovered:
D:1:      nzn_arrival_settlement, layout_basic, chequers_ecumenical_altar_island

Action                   || total
-------------------------++-------
Melee: Unarmed           ||     9
 Cast: Pain              ||     8
Armor: Robe              ||     4
Dodge: Dodged            ||     9

Table legend: (Time is in decaauts)
 A = Elapsed time spent in this place.
 B = Non-inter-level travel time spent in this place.
 C = Inter-level travel time spent in this place.
 D = Time resting spent in this place.
 E = Time spent auto-exploring this place.
 F = Levels seen in this place.
 G = Mean time per level.
                   A        B        C        D        E       F      G
               +--------+--------+--------+--------+--------+-----+--------+
         Total |    195 |    195 |      0 |      0 |    161 |   1 |  195.0 |
       Dungeon |    195 |    195 |      0 |      0 |    161 |   1 |  195.0 |
               +--------+--------+--------+--------+--------+-----+--------+

Top non-repeatable levels by time:
     D:1: 195 daAuts
